 Dungeon Crawl Stone Soup version 0.32-a0-7-ge934b4519a (webtiles) character file.

Game seed: 6164963097423085148

6379 AlmostDecent the Spear-Bearer (level 10, -1/80 HPs)
             Began as a Merfolk Berserker on Jan 13, 2024.
             Was an Elder of Trog.
             Slain by a two-headed ogre
             ... wielding a +0 giant spiked club
              (4 damage)
             ... on level 9 of the Dungeon.
             The game lasted 00:26:05 (7214 turns).

AlmostDecent the Spear-Bearer (Merfolk Berserker)   Turns: 7214, Time: 00:26:05

Health: -1/80      AC: 25    Str: 28    XL:     10   Next: 97%
Magic:  10/10      EV:  7    Int:  6    God:    Trog [****..]
Gold:   609        SH:  0    Dex: 14    Spells: 9/9 levels left

rFire   + . .        j - +3 halberd
rCold   + . .        (shield currently unavailable)
rNeg    . . .        p - +3 gold dragon scales
rPois   +            d - +0 helmet
rElec   .            (no cloak)
rCorr   .            a - +0 pair of gloves
SInv    .            (no boots)
Will    .....        t - amulet of regeneration Stlth
                     e - +6 ring of strength
HPRegen 1.13/turn    r - +4 ring of protection
MPRegen 0.12/turn

%: no passive effects
@: no status effects
A: (nimble swimmer 2), mertail
a: Renounce Religion, Berserk, Trog's Hand, Brothers in Arms


You were on level 9 of the Dungeon.
You worshipped Trog.
Trog was greatly pleased with you.
You visited 1 branch of the dungeon, and saw 9 of its levels.
You also visited: Bailey.

You collected 679 gold pieces.
You spent 70 gold pieces at shops.

Inventory:

Hand Weapons
 j - a +3 halberd (weapon)
 q - the +4 spear of the Assorted Hells {venom, Int+4}
   (You found it on level 3 of the Dungeon)

   Int+4:     It affects your intelligence (+4).
 s - a +2 trident of draining
Armour
 a - a +0 pair of gloves (worn)
 d - a +0 helmet (worn)
 p - +3 gold dragon scales (worn)
 y - a +0 kite shield of protection
Jewellery
 e - a +6 ring of strength (left hand)
 r - a +4 ring of protection (right hand)
 t - an amulet of regeneration (around neck)
 u - a ring of flight
Wands
 f - a wand of mindburst (17)
 n - a wand of polymorph (4)
 x - a wand of roots (8)
 z - a wand of flame (18)
Scrolls
 k - 6 scrolls of teleportation
Potions
 b - a potion of invisibility {unknown}
 c - a potion of might {unknown}
 g - 2 potions of mutation {unknown}
 h - 5 potions of heal wounds
 i - 5 potions of curing
 l - 3 potions of lignification
 m - a potion of haste {unknown}
 o - a potion of enlightenment {unknown}
 v - a potion of ambrosia {unknown}


   Skills:
 * Level 7.7 Fighting
 + Level 14.7 Polearms
 * Level 6.8 Armour
 + Level 4.9 Dodging
 + Level 4.4 Stealth


You had 9 spell levels left.
You didn't know any spells.
Your spell library was empty.

Dungeon Overview and Level Annotations

Branches:
Dungeon (9/15)             Temple (0/1) D:5            Lair (0/5) D:8
 Bailey (visited)
    Orc: D:9-12

Altars:

Shops:
D:1 ?   D:6 [

Annotations:
D:5 3 runed translucent doors, keekatzer's ghost, amateur KoSh


Innate Abilities, Weirdness & Mutations

((You are very nimble when in or above water. (Stealth+, EV+, Speed+++)))
Your lower body shifts to a powerful aquatic tail in water.


Message History

Trog accepts your kill.
You feel sick.
No target in view!
No target in view!
No target in view!
You feel sick.
You are no longer poisoned.
HP restored.
You open the door.
A two-headed ogre comes into view.
It is wielding a +0 giant spiked club and a +1 dire flail of protection.
The two-headed ogre shouts in stereo!
You reach to attack!
You puncture the two-headed ogre!
The two-headed ogre is moderately wounded.
You hit the two-headed ogre.
The two-headed ogre is moderately wounded.
The two-headed ogre hits you with a +0 giant spiked club!!
The two-headed ogre hits you with a +1 dire flail of protection.
You puncture the two-headed ogre!
The two-headed ogre is severely wounded.
You hit the two-headed ogre but do no damage.
The two-headed ogre is severely wounded.
The two-headed ogre hits you with a +0 giant spiked club!
The two-headed ogre hits you but does no damage.
You hit the two-headed ogre.
The two-headed ogre is severely wounded.
You hit the two-headed ogre.
The two-headed ogre is severely wounded.
The two-headed ogre hits you with a +0 giant spiked club!!
* * * LOW HITPOINT WARNING * * *
The two-headed ogre hits you with a +1 dire flail of protection!
* * * LOW HITPOINT WARNING * * *
You are too injured to fight recklessly!
You are too injured to fight recklessly!
You are too injured to fight recklessly!
You hit the two-headed ogre but do no damage.
The two-headed ogre is severely wounded.
You barely miss the two-headed ogre.
The two-headed ogre is severely wounded.
The two-headed ogre hits you with a +0 giant spiked club.
You die...

#..#####
#########......#
..............##
.............# ##+
#........####
#...#........#
#...#........####
#...O...........#
♣#####@..........#
#................#
#.################


You could see a two-headed ogre.

Vanquished Creatures
  A boulder beetle (D:8)
  A two-headed ogre (D:8)
  Jeremiah (D:8)
  2 komodo dragons (D:8)
  A hornet (D:9)
  A steam dragon (D:7)
  An acid dragon (D:8)
  2 water moccasins
  12 orc warriors
  2 ice beasts
  3 ogres
  4 centaurs
  2 phantoms
  A kobold brigand (D:7)
  4 bullfrogs
  A gnoll sergeant (D:7)
  3 scorpions
  4 wights (D:7)
  3 killer bees (D:7)
  A howler monkey (D:4)
  4 bombardier beetles
  3 hounds
  A jelly (D:6)
  2 orc priests
  A sleepcap (D:6)
  4 iguanas
  7 orc wizards
  Robin (D:3)
  2 gnolls (D:7)
  5 adders
  A white imp (D:6)
  3 dart slugs
  2 ribbon worms (D:2)
  36 orcs
  4 endoplasms
  3 giant cockroaches
  10 goblins
  10 hobgoblins
  9 jackals (D:1)
  18 kobolds
  3 quokkas
  5 ball pythons
  4 bats
  5 frilled lizards
  5 rats
198 creatures vanquished.

Vanquished Creatures (others)
  A gnoll (D:7)
1 creature vanquished.

Grand Total: 199 creatures vanquished

Notes
Turn   | Place    | Note
-------+----------+-------------------------------------------
     0 | D:1      | AlmostDecent the Merfolk Berserker began the quest for the
                  | Orb.
     0 | D:1      | Reached XP level 1. HP: 18/18 MP: 1/1
   107 | D:1      | Reached XP level 2. HP: 17/24 MP: 2/2
   289 | D:1      | Found Piakeach's Magic Scroll Shoppe.
   289 | D:1      | Found a faded altar of an unknown god.
   310 | D:1      | Reached XP level 3. HP: 29/29 MP: 3/3
   320 | D:1      | Reached skill level 5 in Polearms
   410 | D:1      | Bought a scroll of identify for 28 gold pieces
   431 | D:1      | Reached ** piety under Trog
   819 | D:2      | Reached XP level 4. HP: 36/37 MP: 4/4
   862 | D:1      | Bought a scroll of teleportation for 42 gold pieces
  1465 | D:3      | Reached skill level 6 in Polearms
  1539 | D:3      | Noticed Robin
  1548 | D:3      | Killed Robin
  1549 | D:3      | Reached XP level 5. HP: 42/42 MP: 5/5
  1664 | D:3      | Reached skill level 7 in Polearms
  1923 | D:3      | Identified the +4 spear of the Assorted Hells {venom,
                  | Int+4}
  2440 | D:4      | Reached *** piety under Trog
  2441 | D:4      | Reached skill level 1 in Stealth
  2441 | D:4      | Reached XP level 6. HP: 46/48 MP: 6/6
  2920 | D:4      | Reached skill level 8 in Polearms
  3456 | D:5      | Entered Level 5 of the Dungeon
  3495 | D:5      | Reached XP level 7. HP: 55/55 MP: 7/7
  3538 | D:5      | Noticed keekatzer's ghost (amateur KoSh)
  3596 | D:5      | Reached skill level 9 in Polearms
  3700 | D:5      | Found a runed translucent gate.
  3700 | D:5      | Found a runed translucent gate.
  3700 | D:5      | Found a runed translucent gate.
  3710 | D:5      | Found a staircase to the Ecumenical Temple.
  4027 | D:5      | Reached XP level 8. HP: 54/61 MP: 8/8
  4480 | D:6      | Reached skill level 10 in Polearms
  4610 | D:6      | Found Uroufom's Armour Emporium.
  4709 | D:6      | Reached skill level 5 in Fighting
  4927 | D:6      | Reached skill level 11 in Polearms
  5191 | D:7      | Reached XP level 9. HP: 68/68 MP: 9/9
  5215 | D:7      | Reached **** piety under Trog
  5281 | D:7      | Reached skill level 12 in Polearms
  5888 | D:8      | Noticed a komodo dragon
  5907 | D:8      | Killed a komodo dragon
  5908 | D:8      | Reached skill level 5 in Armour
  5933 | D:8      | Found a staircase to the Lair.
  5933 | D:8      | Noticed a komodo dragon
  5951 | D:8      | Killed a komodo dragon
  5952 | D:8      | Reached skill level 13 in Polearms
  5960 | D:8      | Found a flagged portal.
  5966 | Bailey   | Entered a bailey
  6045 | Bailey   | Reached XP level 10. HP: 59/76 MP: 10/10
  6340 | D:8      | Noticed Jeremiah
  6342 | D:8      | Reached skill level 14 in Polearms
  6349 | D:8      | Killed Jeremiah
  6403 | D:8      | Noticed a two-headed ogre
  6408 | D:8      | Killed a two-headed ogre
  6653 | D:8      | Noticed a boulder beetle
  6670 | D:8      | Killed a boulder beetle
  7205 | D:9      | Noticed a two-headed ogre
  7212 | D:9      | HP: 2/80 [two-headed ogre/+0 giant spiked club (17)]
  7214 | D:9      | Slain by a two-headed ogre

Illustrated notes

Levels and vault maps discovered:
D:1:      heliophobic_arrival_ceremonial_halls, layout_basic, serial_shops,
          shop_scrolls, hellmonk_ecumenical_altar_lost_god,
          minmay_misc_feat_ornament
D:2:      layout_basic, kennysheep_generic_room_4
D:3:      layout_loops_ring, uniq_robin
D:4:      layout_loops_corners, kennysheep_small_spiral,
          ebering_dispersal_statue_hall
D:5:      layout_loops_corners, minmay_temple_entry_wispy, gammafunk_ghost_icy
D:6:      layout_cave_pools, serial_shops, nicolae_shop_tiny_glass,
          minmay_increasing_density
D:7:      wander_river, layout_basic
D:8:      layout_basic, grunt_lair_entry_orc_guard_hut, enter_bailey_2,
          nicolae_houndstooth_variations, uniq_jeremiah
D:9:      layout_irregular_city, elyvilon_altar_5, serial_shops,
          nicolae_shop_pleasant_corner_grove

Skill      XL: |  1  2  3  4  5  6  7  8  9 10 |
---------------+-------------------------------+-----
Dodging        | 3 4 |  4.9
Polearms       | 5 6 7 8 9 11 13 14 | 14.7
Fighting       | 4 5 6 7 |  7.7
Stealth        | 1 2 3 4 |  4.4
Armour         | 2 3 5 6 |  6.8

Action                     |  1- 3 |  4- 6 |  7- 9 | 10-12 || total
---------------------------+-------+-------+-------+-------++-------
  Melee: Spear             |   128 |   154 |   306 |       ||   588
         Punch             |       |     3 |     6 |       ||     9
         Halberd           |       |       |     6 |   120 ||   126
 Invoke: Berserk           |     1 |     4 |     5 |     3 ||    13
         Trog's Hand       |       |       |     3 |       ||     3
    Use: Scroll            |       |     3 |     7 |     3 ||    13
         Potion            |       |       |     1 |     1 ||     2
   Stab: Sleeping          |     2 |     3 |       |     1 ||     6
 Armour: Animal skin       |    46 |    37 |       |       ||    83
         Leather armour    |       |     8 |     9 |       ||    17
         Scale mail        |       |       |   100 |    14 ||   114
         Gold dragon scale |       |       |       |    46 ||    46
  Dodge: Dodged            |    53 |    38 |    79 |    41 ||   211

Table legend: (Time is in decaauts)
 A = Elapsed time spent in this place.
 B = Non-inter-level travel time spent in this place.
 C = Inter-level travel time spent in this place.
 D = Time resting spent in this place.
 E = Time spent auto-exploring this place.
 F = Levels seen in this place.
 G = Mean time per level.
                   A        B        C        D        E       F      G
               +--------+--------+--------+--------+--------+-----+--------+
         Total |   7094 |   6813 |    281 |    189 |   5329 |  10 |  709.4 |
       Dungeon |   6752 |   6471 |    281 |    170 |   5239 |   9 |  750.2 |
        Bailey |    342 |    342 |      0 |     19 |     89 |   1 |  342.0 |
               +--------+--------+--------+--------+--------+-----+--------+

Top non-repeatable levels by time:
     D:4: 1014 daAuts
     D:3: 986 daAuts
     D:5: 927 daAuts
     D:8: 831 daAuts
     D:7: 821 daAuts
     D:1: 744 daAuts
     D:2: 693 daAuts
     D:6: 610 daAuts
  Bailey: 342 daAuts
     D:9: 121 daAuts
